 Dungeon Crawl Stone Soup version 0.29.0-4-gdea44cf6ec (webtiles) character file.

Game seed: 2994200401628283398

6838 qw the Cleaver (level 11, -1/94 HPs)
             Began as a Ghoul Summoner on Sept 10, 2022.
             Was an Elder of Okawaru.
             Slain by a seven-headed hydra (7 damage)
             ... on level 2 of the Lair of Beasts.
             The game lasted 00:03:54 (10876 turns).

qw the Cleaver (Ghoul Summoner)                    Turns: 10876, Time: 00:03:54

Health: -1/94      AC: 27    Str: 17    XL:     11   Next: 5%
Magic:  12/13      EV:  7    Int: 10    God:    Okawaru [****..]
Gold:   223        SH:  0    Dex:  9    Spells: 12/13 levels left

rFire   . . .      SeeInvis .   d - +0 morningstar
rCold   + . .      Faith    .   (no shield)
rNeg    + + +      Spirit   .   c - +0 plate armour
rPois   inf        Reflect  .   k - +2 helmet
rElec   .          Harm     .   j - +0 cloak
rCorr   .          Rampage  .   b - +2 pair of gloves
Will    +....                   (no boots)
Stlth   ..........              (no amulet)
HPRegen 0.00/turn               e - ring of willpower
MPRegen 0.13/turn               h - +4 ring of protection

@: about to teleport, heroic, inhibited regen
A: claws 1, cold resistance 1, negative energy resistance 3, inhibited
regeneration, torment resistance 2, devour on kill
a: Renounce Religion, Heroism, Finesse


You were on level 2 of the Lair of Beasts.
You worshipped Okawaru.
Okawaru was greatly pleased with you.
You visited 3 branches of the dungeon, and saw 11 of its levels.
You also visited: Sewer.

You collected 565 gold pieces.
You spent 342 gold pieces at shops.


Innate Abilities, Weirdness & Mutations

You are immune to poison.
You have sharp fingernails.
Your flesh is cold resistant. (rC+)
You are immune to negative energy. (rN+++)
You do not regenerate when monsters are visible.
You are immune to unholy pain and torment.
You thrive by killing the living.


   Skills:
 + Level 8.0(13.0) Fighting
 - Level 11.0(16.0) Axes
 - Level 2.5(7.5) Throwing
 - Level 6.0(11.0) Armour
 - Level 1.7(6.7) Dodging
 - Level 2.1(7.1) Stealth
 - Level 1.7 Spellcasting
 - Level 3.6 Summonings
 + Level 4.8 Invocations


You had 12 spell levels left.
You knew the following spells:

 Your Spells              Type           Power      Damage    Failure   Level
a - Summon Small Mammal   Summ           32%        N/A       86%         1

Your spell library contained the following spells:

 Spells                   Type           Power      Damage    Failure   Level
 Call Imp                 Summ           Unusable   N/A       N/A         2
 Call Canine Familiar     Summ           Unusable   N/A       N/A         3
 Summon Guardian Golem    Hex/Summ       Unusable   N/A       N/A         3
 Summon Lightning Spire   Summ/Air       Unusable   N/A       N/A         4

Inventory:

Hand Weapons
 d - a +0 morningstar (weapon)
 p - a +0 spectral war axe
Missiles
 o - 3 boomerangs (quivered)
Armour
 b - a +2 pair of gloves (worn)
 c - a +0 plate armour (worn)
 j - a +0 cloak (worn)
 k - a +2 helmet (worn)
Jewellery
 e - a ring of willpower (left hand)
 h - a +4 ring of protection (right hand)
Scrolls
 f - 4 scrolls of identify
 g - 4 scrolls of teleportation
 q - a scroll of butterflies {unknown}
Potions
 a - a potion of mutation
 i - 2 potions of might
 l - 6 potions of curing
 m - 4 potions of haste

Dungeon Overview and Level Annotations

Branches:
Dungeon (8/15)             Temple (1/1) D:6            Lair (2/5) D:8
  Sewer (visited)
  Swamp: Lair:2-3    Shoals: Lair:2-3     Snake: Lair:2-3    Spider: Lair:2-3

Altars:
Ashenzari
Cheibriados
Dithmenos
Fedhas
Gozag
Hepliaklqana
Kikubaaqudgha
Makhleb
Nemelex Xobeh
Okawaru
Qazlal
Ru
Sif Muna
Trog
Uskayaw
Vehumet
Wu Jian
Xom
Yredelemnul

Shops:
D:2 (   D:4 *   D:7 [


Message History

You hit the seven-headed hydra but do no damage.
The seven-headed hydra is moderately wounded.
The seven-headed hydra bites you but does no damage. x3
The seven-headed hydra bites you!
The seven-headed hydra bites you but does no damage. x2
The seven-headed hydra closely misses you.
You hit the seven-headed hydra.
The seven-headed hydra is moderately wounded.
The seven-headed hydra bites you but does no damage.
The seven-headed hydra barely misses you.
The seven-headed hydra completely misses you.
The seven-headed hydra bites you but does no damage. x3
The seven-headed hydra bites you!
10873 ||| READING 5 scrolls of teleportation.
As you read the scroll of teleportation, it crumbles to dust.
You feel strangely unstable.
The seven-headed hydra bites you but does no damage. x2
The seven-headed hydra bites you. x2
The seven-headed hydra closely misses you.
The seven-headed hydra bites you but does no damage.
The seven-headed hydra barely misses you.
10874 ||| DRINKING potion of heal wounds.
You feel much better.
The seven-headed hydra bites you but does no damage. x2
The seven-headed hydra bites you! x2
The seven-headed hydra bites you but does no damage. x3
You hit the seven-headed hydra but do no damage.
The seven-headed hydra is moderately wounded.
The seven-headed hydra bites you but does no damage. x2
The seven-headed hydra bites you. x2
The seven-headed hydra bites you but does no damage.
The seven-headed hydra barely misses you.
The seven-headed hydra bites you.
You barely miss the seven-headed hydra.
The seven-headed hydra is moderately wounded.
The seven-headed hydra bites you. The seven-headed hydra bites you!
The seven-headed hydra bites you but does no damage.
The seven-headed hydra barely misses you.
The seven-headed hydra bites you!
You die...

#...............P#
#[........PP#P.## #
####.....####.## ..####
###..# #.#..# ...... ##
###...##
......####.###......###
........###.....#.#...##
.!...........#..###.#...
......?@..####### ##....
..(...D....# ###>.
..........## #P.
..........# ###
..........# #
..!.......# .........##
..........


You could see a seven-headed hydra.

Vanquished Creatures
  Erica (D:8)
  A two-headed ogre (D:8)
  A cane toad (Lair:1)
  A komodo dragon (Lair:1)
  A polar bear (Lair:1)
  A slime creature (D:7)
  5 yaks (Lair:1)
  A steam dragon (D:7)
  A water moccasin (Lair:1)
  2 ice beasts
  2 sky beasts
  2 orc warriors
  5 black bears
  5 wolves (Lair:1)
  2 centaurs (D:7)
  3 phantoms
  3 kobold brigands
  5 bullfrogs
  2 gnoll sergeants
  A scorpion (D:5)
  An electric eel (Lair:1)
  3 howler monkeys (D:7)
  4 hounds
  3 jellies
  4 orc priests
  A gnoll bouda (D:7)
  7 iguanas
  6 orc wizards
  10 gnolls
  5 river rats (Sewer)
  8 adders
  2 shadow imps (D:6)
  4 white imps
  4 ufetubi
  5 worms
  4 dart slugs
  20 orcs
  18 ball pythons
  5 endoplasms
  8 giant cockroaches
  6 goblins
  8 hobgoblins
  9 jackals
  12 quokkas
  13 bats
  2 frilled lizards
  12 kobolds
  4 rats
233 creatures vanquished.

Vanquished Creatures (collateral kills)
  A dart slug (D:1)
  A ball python (D:1)
  2 bats (D:1)
  A goblin (D:1)
  2 frilled lizards (D:1)
  3 rats (D:1)
10 creatures vanquished.

Vanquished Creatures (others)
  2 fungi (Lair:1)
  5 plants (Lair:1)
7 creatures vanquished.

Grand Total: 250 creatures vanquished

Notes
Turn   | Place    | Note
-------+----------+-------------------------------------------
     0 | D:1      | qw the Ghoul Summoner began the quest for the Orb.
     0 | D:1      | Reached XP level 1. HP: 14/14 MP: 2/2
     0 | D:1      | 0 ||| qw: Version: 0.1-a-116-g5d60599
     0 | D:1      | 0 ||| qw: Game counter: 7459
     0 | D:1      | 0 ||| qw: Always use a shield: true
     0 | D:1      | 0 ||| qw: God list: Okawaru
     0 | D:1      | 0 ||| qw: Allow faded altars: false
     0 | D:1      | 0 ||| qw: Do Orc after D:15 true
     0 | D:1      | 0 ||| qw: Do second Lair branch before Depths: true
     0 | D:1      | 0 ||| qw: Lair rune preference: random
     0 | D:1      | 0 ||| qw: Plans: Normal
     0 | D:1      | 0 ||| PLANNING D:1-11
    16 | D:1      | 16 ||| CASTING Summon Small Mammal
    17 | D:1      | 17 ||| CASTING Summon Small Mammal
    44 | D:1      | 44 ||| Wielding weapon +0 spear.
    94 | D:1      | 94 ||| CASTING Summon Small Mammal
    96 | D:1      | 96 ||| CASTING Summon Small Mammal
   103 | D:1      | Reached skill level 1 in Axes
   158 | D:1      | 158 ||| CASTING Summon Small Mammal
   159 | D:1      | 159 ||| CASTING Summon Small Mammal
   250 | D:1      | 250 ||| SWAPPING to +0 vorpal hand axe.
   251 | D:1      | 251 ||| DROPPING +0 spear.
   289 | D:1      | 289 ||| CASTING Summon Small Mammal
   290 | D:1      | 290 ||| CASTING Summon Small Mammal
   297 | D:1      | Reached skill level 1 in Fighting
   297 | D:1      | Reached XP level 2. HP: 23/23 MP: 0/3
   331 | D:1      | 331 ||| CASTING Summon Small Mammal
   332 | D:1      | 332 ||| CASTING Summon Small Mammal
   333 | D:1      | 333 ||| CASTING Summon Small Mammal
   334 | D:1      | 334 ||| Stepping ~*~*~tactically~*~*~ (hiding).
   393 | D:1      | 393 ||| CASTING Summon Small Mammal
   394 | D:1      | 394 ||| CASTING Summon Small Mammal
   395 | D:1      | 395 ||| CASTING Summon Small Mammal
   472 | D:1      | 472 ||| DROPPING +0 club.
   503 | D:1      | 503 ||| Stepping ~*~*~tactically~*~*~ (hiding).
   605 | D:1      | 605 ||| Stepping ~*~*~tactically~*~*~ (hiding).
   609 | D:1      | 609 ||| CASTING Summon Small Mammal
   931 | D:1      | 931 ||| CASTING Summon Small Mammal
   932 | D:1      | 932 ||| CASTING Summon Small Mammal
   933 | D:1      | 933 ||| CASTING Summon Small Mammal
   986 | D:1      | 986 ||| CASTING Summon Small Mammal
   987 | D:1      | 987 ||| CASTING Summon Small Mammal
   988 | D:1      | 988 ||| CASTING Summon Small Mammal
  1024 | D:1      | 1024 ||| CASTING Summon Small Mammal
  1025 | D:1      | 1025 ||| CASTING Summon Small Mammal
  1026 | D:1      | 1026 ||| CASTING Summon Small Mammal
  1033 | D:1      | Reached skill level 2 in Axes
  1033 | D:1      | Reached XP level 3. HP: 24/28 MP: 0/4
  1035 | D:1      | 1035 ||| CASTING Summon Small Mammal
  1045 | D:1      | 1045 ||| CASTING Summon Small Mammal
  1123 | D:1      | 1123 ||| CASTING Summon Small Mammal
  1124 | D:1      | 1124 ||| CASTING Summon Small Mammal
  1146 | D:1      | 1146 ||| CASTING Summon Small Mammal
  1147 | D:1      | 1147 ||| CASTING Summon Small Mammal
  1148 | D:1      | 1148 ||| CASTING Summon Small Mammal
  1199 | D:1      | 1199 ||| CASTING Summon Small Mammal
  1200 | D:1      | 1200 ||| CASTING Summon Small Mammal
  1201 | D:1      | 1201 ||| CASTING Summon Small Mammal
  1202 | D:1      | 1202 ||| CASTING Summon Small Mammal
  1291 | D:1      | 1291 ||| CASTING Summon Small Mammal
  1336 | D:1      | 1336 ||| CASTING Summon Small Mammal
  1337 | D:1      | 1337 ||| CASTING Summon Small Mammal
  1338 | D:1      | 1338 ||| CASTING Summon Small Mammal
  1340 | D:1      | 1340 ||| CASTING Summon Small Mammal
  1347 | D:1      | 1347 ||| CASTING Summon Small Mammal
  1391 | D:1      | 1391 ||| CASTING Summon Small Mammal
  1392 | D:1      | 1392 ||| CASTING Summon Small Mammal
  1419 | D:1      | 1419 ||| CASTING Summon Small Mammal
  1420 | D:1      | 1420 ||| CASTING Summon Small Mammal
  1421 | D:1      | 1421 ||| CASTING Summon Small Mammal
  1422 | D:1      | 1422 ||| CASTING Summon Small Mammal
  1465 | D:1      | 1465 ||| CASTING Summon Small Mammal
  1466 | D:1      | 1466 ||| CASTING Summon Small Mammal
  1467 | D:1      | 1467 ||| CASTING Summon Small Mammal
  1468 | D:1      | 1468 ||| CASTING Summon Small Mammal
  1476 | D:1      | 1476 ||| CASTING Summon Small Mammal
  1534 | D:1      | 1534 ||| CASTING Summon Small Mammal
  1535 | D:1      | 1535 ||| CASTING Summon Small Mammal
  1536 | D:1      | 1536 ||| CASTING Summon Small Mammal
  1537 | D:1      | 1537 ||| CASTING Summon Small Mammal
  1618 | D:1      | 1618 ||| UPGRADING to +0 leather armour.
  1628 | D:1      | 1628 ||| DROPPING +0 robe.
  1629 | D:1      | 1629 ||| UPGRADING to +0 chain mail.
  1639 | D:1      | 1639 ||| DROPPING +0 leather armour.
  1640 | D:1      | 1640 ||| READING 3 scrolls labelled ROHANI NACA.
  1641 | D:1      | 1641 ||| READING 2 scrolls of identify.
  1641 | D:1      | 1641 ||| IDENTIFYING emerald potion
  1642 | D:1      | 1642 ||| DROPPING potion of magic.
  1643 | D:1      | 1643 ||| DROPPING potion of berserk rage.
  1909 | D:2      | 1909 ||| Stepping ~*~*~tactically~*~*~ (stealth).
  1915 | D:2      | 1915 ||| FLEEEEING.
  1916 | D:2      | 1916 ||| FLEEEEING.
  1917 | D:2      | 1917 ||| FLEEEEING.
  1918 | D:2      | 1918 ||| FLEEEEING.
  1919 | D:2      | 1919 ||| FLEEEEING.
  1920 | D:2      | 1920 ||| FLEEEEING.
  1921 | D:2      | 1921 ||| FLEEEEING.
  1922 | D:2      | 1922 ||| FLEEEEING.
  1923 | D:2      | 1923 ||| FLEEEEING.
  1924 | D:2      | 1924 ||| FLEEEEING.
  1925 | D:2      | 1925 ||| FLEEEEING.
  1926 | D:2      | 1926 ||| FLEEEEING.
  1927 | D:2      | 1927 ||| FLEEEEING.
  1928 | D:2      | 1928 ||| FLEEEEING.
  1929 | D:2      | 1929 ||| FLEEEEING.
  1930 | D:2      | 1930 ||| FLEEEEING.
  1931 | D:2      | 1931 ||| FLEEEEING.
  1932 | D:2      | 1932 ||| FLEEEEING.
  1933 | D:2      | 1933 ||| FLEEEEING.
  1935 | D:2      | 1935 ||| FLEEEEING.
  1936 | D:2      | 1936 ||| FLEEEEING.
  1938 | D:2      | 1938 ||| FLEEEEING.
  1939 | D:2      | 1939 ||| FLEEEEING.
  1940 | D:2      | 1940 ||| FLEEEEING.
  1941 | D:2      | 1941 ||| FLEEEEING.
  1942 | D:2      | 1942 ||| FLEEEEING.
  1943 | D:2      | 1943 ||| FLEEEEING.
  1944 | D:2      | 1944 ||| FLEEEEING.
  1945 | D:2      | 1945 ||| FLEEEEING.
  1946 | D:2      | 1946 ||| FLEEEEING.
  1947 | D:2      | 1947 ||| FLEEEEING.
  1948 | D:2      | 1948 ||| FLEEEEING.
  1949 | D:2      | 1949 ||| FLEEEEING.
  1952 | D:2      | 1952 ||| FLEEEEING.
  1953 | D:2      | 1953 ||| FLEEEEING.
  1954 | D:2      | 1954 ||| FLEEEEING.
  1955 | D:2      | 1955 ||| FLEEEEING.
  1956 | D:2      | 1956 ||| FLEEEEING.
  1957 | D:2      | 1957 ||| FLEEEEING.
  1958 | D:2      | 1958 ||| FLEEEEING.
  1959 | D:2      | 1959 ||| FLEEEEING.
  1960 | D:2      | 1960 ||| FLEEEEING.
  1961 | D:2      | 1961 ||| STAIRDANCE
  1993 | D:1      | 1993 ||| UPGRADING to +0 pair of gloves.
  1998 | D:1      | 1998 ||| READING scroll labelled VIOWEISA LUSOZ.
  1999 | D:1      | 1999 ||| READING scroll labelled DEYWNE KORGH.
  2002 | D:2      | 2002 ||| STAIRDANCE
  2023 | D:2      | 2023 ||| STAIRDANCE
  2205 | D:2      | Found Soxzouf's Weapon Boutique.
  2218 | D:2      | Reached skill level 1 in Armour
  2218 | D:2      | Reached XP level 4. HP: 35/36 MP: 5/5
  2260 | D:2      | 2260 ||| Stepping ~*~*~tactically~*~*~ (stealth).
  2498 | D:2      | 2498 ||| FLEEEEING.
  2625 | D:2      | 2625 ||| Stepping ~*~*~tactically~*~*~ (stealth).
  2867 | D:2      | 2867 ||| UPGRADING to ring of willpower.
  2868 | D:2      | 2868 ||| READING scroll labelled QACOGE XOXTI.
  2869 | D:2      | 2869 ||| DRINKING 2 red potions.
  2978 | D:3      | 2978 ||| READING scroll of enchant armour.
  2978 | D:3      | 2978 ||| ENCHANTING +0 pair of gloves.
  2997 | D:3      | 2997 ||| DROPPING +0 whip.
  3006 | D:3      | 3006 ||| Stepping ~*~*~tactically~*~*~ (stealth).
  3058 | D:3      | Found a faded altar of an unknown god.
  3197 | D:3      | Found an opulent altar of Gozag.
  3229 | D:3      | 3229 ||| Stepping ~*~*~tactically~*~*~ (stealth).
  3236 | D:3      | 3236 ||| Stepping ~*~*~tactically~*~*~ (stealth).
  3239 | D:3      | 3239 ||| Stepping ~*~*~tactically~*~*~ (stealth).
  3288 | D:3      | Reached skill level 3 in Axes
  3300 | D:3      | 3300 ||| READING scroll of enchant armour.
  3300 | D:3      | 3300 ||| ENCHANTING +1 pair of gloves.
  3437 | D:3      | Identified the +6 hand axe of the Uplifting Bear {elec,
                  | Drain rPois rC+ Dex+2}
  3439 | D:3      | 3439 ||| SWAPPING to +6 hand axe of the Uplifting Bear
                  | {elec, Drain rPois rC+ Dex+2}.
  3440 | D:3      | 3440 ||| DROPPING +0 vorpal hand axe.
  3613 | D:3      | Reached XP level 5. HP: 37/41 MP: 6/6
  3657 | D:3      | 3657 ||| DROPPING scarf of shadows.
  3658 | D:3      | 3658 ||| DRINKING 2 smoky green potions.
  3659 | D:3      | 3659 ||| READING 4 scrolls of identify.
  3659 | D:3      | 3659 ||| IDENTIFYING grey potion
  3660 | D:3      | 3660 ||| READING 3 scrolls of identify.
  3660 | D:3      | 3660 ||| IDENTIFYING orange potion
  3661 | D:3      | 3661 ||| READING 2 scrolls of identify.
  3661 | D:3      | 3661 ||| IDENTIFYING yellow potion
  3662 | D:3      | 3662 ||| DROPPING potion of flight.
  3663 | D:3      | 3663 ||| DROPPING potion of degeneration.
  3664 | D:3      | 3664 ||| DROPPING potion of attraction.
  3720 | D:4      | 3720 ||| STAIRDANCE
  3790 | D:4      | 3790 ||| STAIRDANCE
  3795 | D:3      | Reached skill level 1 in Throwing
  3820 | D:4      | Noticed an orc warrior
  3823 | D:4      | 3823 ||| Stepping ~*~*~tactically~*~*~ (stealth).
  3827 | D:4      | 3827 ||| Stepping ~*~*~tactically~*~*~ (stealth).
  3836 | D:4      | Killed an orc warrior
  3837 | D:4      | Reached skill level 4 in Axes
  3837 | D:4      | Reached XP level 6. HP: 46/48 MP: 7/7
  3858 | D:4      | 3858 ||| Stepping ~*~*~tactically~*~*~ (stealth).
  3859 | D:4      | 3859 ||| DROPPING +0 flail.
  3923 | D:4      | Reached skill level 3 in Fighting
  3963 | D:4      | 3963 ||| Stepping ~*~*~tactically~*~*~ (stealth).
  3977 | D:4      | You fall into a shaft and drop 1 floor!
  3977 | D:5      | Entered Level 5 of the Dungeon
  3978 | D:5      | 3978 ||| PLANNING SEWER
  3992 | D:5      | 3992 ||| Stepping ~*~*~tactically~*~*~ (stealth).
  4143 | D:5      | Found a broken altar of Ashenzari.
  4215 | D:5      | 4215 ||| Stepping ~*~*~tactically~*~*~ (stealth).
  4220 | D:5      | Found a glowing drain.
  4221 | D:5      | 4221 ||| UPGRADING to +0 plate armour.
  4231 | D:5      | 4231 ||| DROPPING +0 chain mail.
  4232 | D:5      | 4232 ||| READING scroll labelled WAMEGH YLIC.
  4236 | D:5      | 4236 ||| READING scroll labelled GUPSOUKLOM.
  4237 | D:5      | 4237 ||| READING scroll labelled POIMYS MUSIO.
  4252 | D:5      | Reached XP level 7. HP: 57/57 MP: 8/8
  4253 | Sewer    | Entered a sewer
  4508 | Sewer    | 4508 ||| Stepping ~*~*~tactically~*~*~ (stealth).
  4515 | Sewer    | Reached skill level 5 in Axes
  4647 | Sewer    | 4647 ||| Stepping ~*~*~tactically~*~*~ (water).
  4820 | Sewer    | 4820 ||| READING 2 scrolls of identify.
  4820 | Sewer    | 4820 ||| IDENTIFYING amethyst potion
  4821 | Sewer    | 4821 ||| DROPPING potion of ambrosia.
  4822 | Sewer    | 4822 ||| DROPPING scroll of noise.
  4845 | D:5      | 4845 ||| PLANNING D:1-11
  4995 | D:4      | 4995 ||| Stepping ~*~*~tactically~*~*~ (stealth).
  5362 | D:4      | Reached skill level 6 in Axes
  5362 | D:4      | Reached XP level 8. HP: 58/67 MP: 9/9
  5414 | D:4      | Found Tyredoso's Assorted Antiques.
  5423 | D:4      | 5423 ||| BUYING potion of curing (66 gold).
  5423 | D:4      | Bought a potion of curing for 66 gold pieces
  5423 | D:4      | 5423 ||| BUYING potion of curing (66 gold).
  5423 | D:4      | Bought a potion of curing for 66 gold pieces
  5423 | D:4      | 5423 ||| SHOPLISTING scroll of enchant armour (165 gold,
                  | have 100).
  5423 | D:4      | 5423 ||| BUYING scroll of teleportation (66 gold).
  5423 | D:4      | Bought a scroll of teleportation for 66 gold pieces
  5523 | D:4      | 5523 ||| UPGRADING to +0 helmet.
  5528 | D:4      | 5528 ||| READING 4 scrolls of identify.
  5528 | D:4      | 5528 ||| IDENTIFYING inky potion
  5529 | D:4      | 5529 ||| READING 3 scrolls of identify.
  5529 | D:4      | 5529 ||| IDENTIFYING black potion
  5530 | D:4      | 5530 ||| READING 2 scrolls of identify.
  5530 | D:4      | 5530 ||| IDENTIFYING murky orange potion
  5531 | D:4      | 5531 ||| DROPPING potion of brilliance.
  5560 | D:5      | 5560 ||| Stepping ~*~*~tactically~*~*~ (hiding).
  5568 | D:5      | 5568 ||| Stepping ~*~*~tactically~*~*~ (hiding).
  6002 | D:5      | Reached skill level 3 in Armour
  6087 | D:5      | Found a shimmering blue altar of Sif Muna.
  6091 | D:5      | 6091 ||| FLEEEEING.
  6102 | D:5      | 6102 ||| FLEEEEING.
  6103 | D:5      | 6103 ||| FLEEEEING.
  6104 | D:5      | 6104 ||| FLEEEEING.
  6107 | D:5      | 6107 ||| FLEEEEING.
  6111 | D:5      | 6111 ||| FLEEEEING.
  6113 | D:5      | 6113 ||| Stepping ~*~*~tactically~*~*~ (water).
  6121 | D:5      | 6121 ||| Stepping ~*~*~tactically~*~*~ (water).
  6272 | D:5      | 6272 ||| READING 2 scrolls of identify.
  6272 | D:5      | 6272 ||| IDENTIFYING pink potion
  6320 | D:6      | 6320 ||| STAIRDANCE
  6329 | D:6      | 6329 ||| STAIRDANCE
  6335 | D:5      | Reached skill level 7 in Axes
  6393 | D:6      | Found a hazy altar of Hepliaklqana.
  6629 | D:6      | 6629 ||| Stepping ~*~*~tactically~*~*~ (hiding).
  6789 | D:6      | 6789 ||| Stepping ~*~*~tactically~*~*~ (hiding).
  6897 | D:6      | Found a blossoming altar of Fedhas.
  6962 | D:6      | Reached skill level 8 in Axes
  6962 | D:6      | Reached XP level 9. HP: 71/74 MP: 10/10
  7126 | D:6      | Reached skill level 6 in Fighting
  7183 | D:6      | Found a sparkling altar of Nemelex Xobeh.
  7183 | D:6      | Found a basalt altar of Yredelemnul.
  7205 | D:6      | Found a staircase to the Ecumenical Temple.
  7206 | D:6      | 7206 ||| PLANNING TEMPLE
  7206 | D:6      | 7206 ||| UPGRADING to +1 helmet.
  7216 | D:6      | 7216 ||| DROPPING +0 helmet.
  7217 | D:6      | 7217 ||| READING scroll labelled ZOSUOZ ADO.
  7226 | Temple   | Entered the Ecumenical Temple
  7401 | Temple   | 7401 ||| PLANNING D:1-11
  7412 | Temple   | Became a worshipper of Warmaster Okawaru
  7456 | D:6      | Found an ancient bone altar of Kikubaaqudgha.
  7925 | D:7      | 7925 ||| READING scroll of enchant armour.
  7925 | D:7      | 7925 ||| ENCHANTING +1 helmet.
  8306 | D:7      | Reached skill level 9 in Axes
  8352 | D:7      | 8352 ||| Stepping ~*~*~tactically~*~*~ (cloud).
  8357 | D:7      | 8357 ||| FLEEEEING.
  8362 | D:7      | Reached * piety under Okawaru
  8371 | D:7      | 8371 ||| INVOKING Heroism.
  8389 | D:7      | 8389 ||| FLEEEEING.
  8390 | D:7      | 8390 ||| FLEEEEING.
  8391 | D:7      | 8391 ||| FLEEEEING.
  8392 | D:7      | 8392 ||| FLEEEEING.
  8396 | D:7      | 8396 ||| FLEEEEING.
  8397 | D:7      | 8397 ||| FLEEEEING.
  8398 | D:7      | 8398 ||| FLEEEEING.
  8399 | D:7      | 8399 ||| FLEEEEING.
  8400 | D:7      | 8400 ||| FLEEEEING.
  8401 | D:7      | 8401 ||| FLEEEEING.
  8412 | D:7      | 8412 ||| FLEEEEING.
  8413 | D:7      | 8413 ||| FLEEEEING.
  8414 | D:7      | 8414 ||| FLEEEEING.
  8415 | D:7      | 8415 ||| STAIRDANCE
  8497 | D:7      | 8497 ||| INVOKING Heroism.
  8498 | D:7      | 8498 ||| INVOKING Heroism.
  8516 | D:7      | 8516 ||| STAIRDANCE
  8548 | D:7      | Found a sacrificial altar of Ru.
  8606 | D:7      | Found Peoni's Antique Armour Emporium.
  8614 | D:7      | 8614 ||| BUYING cloak (144 gold).
  8614 | D:7      | Bought a cloak for 144 gold pieces
  8614 | D:7      | 8614 ||| SHOPLISTING pair of embroidered gloves (240 gold,
                  | have 133).
  8629 | D:7      | Reached skill level 1 in Invocations
  8973 | D:7      | 8973 ||| UPGRADING to +0 cloak.
  8978 | D:7      | 8978 ||| UPGRADING to +4 ring of protection.
  9113 | D:8      | 9113 ||| Stepping ~*~*~tactically~*~*~ (hiding).
  9145 | D:8      | Reached XP level 10. HP: 86/86 MP: 11/11
  9155 | D:8      | Reached skill level 3 in Invocations
  9174 | D:8      | Found a shimmering altar of Xom.
  9175 | D:8      | Found a shimmering altar of Xom.
  9177 | D:8      | Found a shimmering altar of Xom.
  9278 | D:8      | Found a staircase to the Lair.
  9341 | D:8      | Noticed Erica
  9343 | D:8      | Noticed a two-headed ogre
  9344 | D:8      | 9344 ||| INVOKING Heroism.
  9357 | D:8      | Killed a two-headed ogre
  9357 | D:8      | Reached ** piety under Okawaru
  9363 | D:8      | Killed Erica
  9533 | D:8      | 9533 ||| SWAPPING to +0 war axe.
  9602 | D:8      | 9602 ||| INVOKING Heroism.
  9612 | D:8      | Reached skill level 10 in Axes
  9808 | D:8      | 9808 ||| PLANNING LAIR
  9808 | D:8      | 9808 ||| READING scroll labelled ISHEKE QIFRA.
  9809 | D:8      | 9809 ||| DROPPING +6 hand axe of the Uplifting Bear {elec,
                  | Drain rPois rC+ Dex+2}.
  9825 | Lair:1   | Entered Level 1 of the Lair of Beasts
  9825 | Lair:1   | Noticed a cane toad
  9826 | Lair:1   | 9826 ||| INVOKING Heroism.
  9831 | Lair:1   | Killed a cane toad
  9942 | Lair:1   | Reached *** piety under Okawaru
  9970 | Lair:1   | 9970 ||| Stepping ~*~*~tactically~*~*~ (stealth).
 10066 | Lair:1   | 10066 ||| INVOKING Heroism.
 10187 | Lair:1   | 10187 ||| Stepping ~*~*~tactically~*~*~ (stealth).
 10190 | Lair:1   | 10190 ||| INVOKING Heroism.
 10191 | Lair:1   | 10191 ||| Stepping ~*~*~tactically~*~*~ (stealth).
 10212 | Lair:1   | Reached **** piety under Okawaru
 10213 | Lair:1   | Reached skill level 11 in Axes
 10375 | Lair:1   | 10375 ||| Stepping ~*~*~tactically~*~*~ (stealth).
 10377 | Lair:1   | 10377 ||| INVOKING Heroism.
 10385 | Lair:1   | Reached XP level 11. HP: 94/94 MP: 10/13
 10526 | Lair:1   | 10526 ||| Stepping ~*~*~tactically~*~*~ (stealth).
 10528 | Lair:1   | 10528 ||| INVOKING Heroism.
 10729 | Lair:1   | 10729 ||| READING scroll labelled XIEDIB ATHO ROSAO.
 10778 | Lair:2   | Reached skill level 6 in Armour
 10860 | Lair:2   | Noticed a seven-headed hydra
 10861 | Lair:2   | 10861 ||| INVOKING Heroism.
 10864 | Lair:2   | 10864 ||| SWAPPING to +0 morningstar.
 10872 | Lair:2   | HP: 19/94 [seven-headed hydra (7)]
 10873 | Lair:2   | 10873 ||| READING 5 scrolls of teleportation.
 10874 | Lair:2   | 10874 ||| DRINKING potion of heal wounds.
 10876 | Lair:2   | HP: 6/94 [seven-headed hydra (7)]
 10876 | Lair:2   | Slain by a seven-headed hydra

Levels and vault maps discovered:
D:1:      amcnicky_arrival_choice, layout_basic
D:2:      minmay_wonky_spiral, layout_basic, serial_shops,
          nicolae_shop_bloodbath_and_beyond, interstate_on_off
D:3:      layout_loops_cross, lemuel_tele_altar, nicolae_ecumenical_lake_church,
          minmay_misc_feat_hallway, kennysheep_cluttered_room, st_stairs_3
D:4:      layout_loops_ring, serial_shops, nicolae_shop_behind_doors,
          chequers_garden, guppyfry_early_orc_mine
D:5:      layout_gridville, mainiacjoe_overflow_small_starburst,
          old_standard_altar, old_standard_altar, cheibrodos_sewer_entry_drain
D:6:      layout_gridville, fedhas_altar_1, mainiacjoe_overflow_alcove_2,
          nicolae_overflow_two_pavilions, lemuel_temple_firewalk_a,
          kennysheep_small_circle
D:7:      cheibrodos_barr_body, layout_cave_pods, general_overflow_altar,
          serial_shops, nicolae_shop_behind_doors
D:8:      layout_basic, xom_redecorated, lair_entry_dummy, uniq_erica
Temple:   chequers_temple_sunken
Lair:1:   layout_regular_city, serial_bayou_shore_a
Lair:2:   layout_cave_pods, minmay_shoals_entry_hut

Skill      XL: |  1  2  3  4  5  6  7  8  9 10 11 |
---------------+----------------------------------+-----
Axes           | 1 2 3 4 6 8 9 11 | 11.0
Fighting       | 1 2 3 4 5 7 8 |  8.0
Armour         | 1 2 3 4 5 6 |  6.0
Throwing       | 1 2 |  2.5
Invocations    | 2 4 |  4.8
Dodging        | |  1.7
Stealth        | |  2.1
Spellcasting   | |  1.7
Summonings     | |  3.6

Action                   |  1- 3 |  4- 6 |  7- 9 | 10-12 || total
-------------------------+-------+-------+-------+-------++-------
Melee: Spear             |     7 |       |       |       ||     7
       Unarmed           |     4 |       |       |       ||     4
       Hand axe          |    88 |   127 |   324 |    22 ||   561
       Punch             |     2 |     2 |     4 |     2 ||    10
       War axe           |       |       |       |    67 ||    67
       Morningstar       |       |       |       |     8 ||     8
Throw: Javelin           |     8 |    44 |    28 |     2 ||    82
       Boomerang         |       |     1 |    42 |    23 ||    66
 Cast: Summon Small Mamm |    52 |       |       |       ||    52
Invok: Heroism           |       |       |     2 |     8 ||    10
  Use: Scroll            |     4 |     9 |     7 |     3 ||    23
       Potion            |       |     2 |       |     1 ||     3
Armor: Chain mail        |    26 |    86 |       |       ||   112
       Robe              |     8 |       |       |       ||     8
       Plate armour      |       |       |   243 |    85 ||   328
Dodge: Dodged            |    54 |    40 |    60 |    34 ||   188

Table legend:
 A = Non-vault XP
 B = Vault XP
 C = Vault XP percentage of total XP
 D = Non-vault monster count
 E = Vault monster count
 F = Vault count percentage of total count
                 A         B        C        D         E       F
            +---------+---------+-------+---------+---------+-------
      Total |    7223 |    2546 |  26.1 |     175 |      68 |  28.0
            +---------+---------+-------+---------+---------+-------
        D:1 |      59 |       0 |   0.0 |      31 |       0 |   0.0
        D:2 |      43 |       8 |  15.7 |      18 |       3 |  14.3
        D:3 |      88 |      15 |  14.6 |      19 |       3 |  13.6
        D:4 |     523 |     213 |  28.9 |      31 |       7 |  18.4
        D:5 |     781 |       4 |   0.5 |      16 |       3 |  15.8
        D:6 |     499 |     231 |  31.6 |      15 |       2 |  11.8
        D:7 |     619 |    1086 |  63.7 |       8 |      14 |  63.6
        D:8 |    1525 |     826 |  35.1 |      20 |       1 |   4.8
     Lair:1 |    2993 |       0 |   0.0 |      16 |       0 |   0.0
     Lair:2 |      93 |       0 |   0.0 |       1 |       0 |   0.0
      Sewer |       0 |     163 | 100.0 |       0 |      35 | 100.0
            +---------+---------+-------+---------+---------+-------
